 Dungeon Crawl Stone Soup version 0.29-a0-82-g837932c90e (webtiles) character file.

Game seed: 17585588484462821835

2 rogsnak the Digger (level 1, 0/13 HPs)
             Began as a Demonspawn Earth Elementalist on Feb 5, 2022.
             Slain by a jackal (1 damage)
             ... on level 1 of the Dungeon.
             The game lasted 00:00:51 (119 turns).

rogsnak the Digger (Demonspawn Earth Elementalist)   Turns: 119, Time: 00:00:51

Health: 0/13       AC:  2    Str:  8    XL:     1   Next: 33%
Magic:  0/3        EV: 12    Int: 16    God:
Gold:   9          SH:  0    Dex: 13    Spells: 3/4 levels left

rFire   . . .      SeeInvis .   (no weapon)
rCold   . . .      Faith    .   (no shield)
rNeg    . . .      Spirit   .   b - +0 robe
rPois   .          Reflect  .   (no helmet)
rElec   .          Harm     .   (no cloak)
rCorr   .          Rampage  .   (no gloves)
Will    .....                   (no boots)
Stlth   ++........              (no amulet)
HPRegen 0.04/turn               (no ring)
MPRegen 0.08/turn               (no ring)

@: no status effects
A: no striking features
a: no special abilities


You were on level 1 of the Dungeon.
You visited 1 branch of the dungeon, and saw 1 of its levels.

You collected 9 gold pieces.

Inventory:

Missiles
 c - 46 stones
Armour
 b - a +0 robe (worn)


   Skills:
 + Level 1.9 Dodging
 - Level 1.7 Stealth
 + Level 2.0 Spellcasting
 - Level 0.8 Transmutations
 + Level 2.7 Earth Magic


You had 3 spell levels left.
You knew the following spells:

 Your Spells              Type           Power      Damage    Failure   Level
a - Sandblast             Erth           20%        2d7       7%          1

Your spell library contained the following spells:

 Spells                   Type           Power      Damage    Failure   Level
 Passwall                 Tmut/Erth      5%         N/A       16%         2
 Stone Arrow              Conj/Erth      12%        3d7       34%         3
 Petrify                  Tmut/Erth      7%         N/A       69%         4


Dungeon Overview and Level Annotations

Branches:
Dungeon (1/15)

Altars:


Message History

The bat is moderately wounded.
The bat hits you but does no damage. The bat barely misses you.
You closely miss the bat.
The bat is moderately wounded.
The bat closely misses you.
You barely miss the bat.
The bat is moderately wounded.
The bat hits you.
* * * LOW HITPOINT WARNING * * *
The bat hits you.
* * * LOW HITPOINT WARNING * * *
You closely miss the bat.
The bat is moderately wounded.
The bat misses you.
You hit the bat but do no damage.
The bat is moderately wounded.
The bat hits you but does no damage.
You barely miss the jackal. The jackal barely misses you.
Casting: Sandblast (safe; 7% risk of failure)
Confirm with . or Enter, or press ? or * to list all spells.
Aiming: Sandblast (safe; 7% risk of failure)
Press: ? - help, Shift-Dir - straight line, f - jackal, p - bat
Aim: a jackal (74% to hit)
The blast of sand hits the jackal!
You kill the jackal!
The bat misses you.
Unknown command.
Unknown command.
The jackal bites you but does no damage.
You see here a jackal corpse.
The bat closely misses you.
You hit the jackal but do no damage. The jackal barely misses you.
You barely miss the jackal. The jackal barely misses you.
You hit the jackal.
The jackal is moderately wounded.
The jackal misses you. The jackal barely misses you.
You barely miss the jackal.
The jackal is moderately wounded.
The jackal bites you.
You die...

#.....# #......
####.## ##.####
#.# .# #.# .# ##.#
.# #..########.#
#..#........######
#.................
#..#######@#######
#..#######h######
#..##.....b.....#
#..##.####.####K#
#..# #.# #.# #..#
... #.# ##.# .###.
#.# .. ..... ##
##.#


You could see a jackal and a bat.

Vanquished Creatures
  2 jackals (D:1)
2 creatures vanquished.

Notes
Turn   | Place    | Note
-------+----------+-------------------------------------------
     0 | D:1      | rogsnak the Demonspawn Earth Elementalist began the quest
                  | for the Orb.
     0 | D:1      | Reached XP level 1. HP: 13/13 MP: 3/3
   119 | D:1      | Slain by a jackal

Illustrated notes

Levels and vault maps discovered:
D:1:      saegor_arrival_simple_b, layout_loops_ring,
          hellmonk_ecumenical_altar_pennies_from_heaven, supply_closet_lemuel,
          roderic_nine_men_s_morris

Action                   || total
-------------------------++-------
Melee: Unarmed           ||    46
 Cast: Sandblast         ||     3
Armor: Robe              ||    22
Dodge: Dodged            ||    57

Table legend: (Time is in decaauts)
 A = Elapsed time spent in this place.
 B = Non-inter-level travel time spent in this place.
 C = Inter-level travel time spent in this place.
 D = Time resting spent in this place.
 E = Time spent auto-exploring this place.
 F = Levels seen in this place.
 G = Mean time per level.
                   A        B        C        D        E       F      G
               +--------+--------+--------+--------+--------+-----+--------+
         Total |    119 |    119 |      0 |      2 |     34 |   1 |  119.0 |
       Dungeon |    119 |    119 |      0 |      2 |     34 |   1 |  119.0 |
               +--------+--------+--------+--------+--------+-----+--------+

Top non-repeatable levels by time:
     D:1: 119 daAuts
